AoeStats
← Onestepbeyond

Pilgrims

507992326Analyzed
3v3 RM · 11d ago on Sep 20, 2026· 28m 10s· 6 players
Game mode
Random Map
Map size
Normal (6 player)
Population
200
Speed
Normal
Resources
Standard
Victory
Conquest
Starting age
Dark Age
Ending age
Imperial Age
RankedLock teamsTeams togetherTeam positionsShared explorationLock speedFull tech treeHidden civsTurbo modeCheats
Victory
Defeat
🇫🇷 Spanish · France
1044
+11
🇫🇷 Italians · France
971
+13
🇫🇷 Portuguese · France
956
+14
🇳🇱 Burgundians · Netherlands
939
-14
🇹🇷 Japanese · Türkiye
909
-12
🇩🇪 Italians · Germany
908
-12
Hoodie Melo
9:29 Loom
11:14 Feudal Age
12:21 Double-Bit Axe
13:34 Fletching
19:14 Castle Age
17:18 Gold Mining
20:15 Medium Warships
20:11 Bodkin Arrow
24:43 Fishing Lines
27:45 Wheelbarrow
26:55 Town Watch
28:25 Padded Archer Armor
Garp
11:39 Feudal Age
12:09 Fishing Lines
13:44 Double-Bit Axe
14:33 Loom
16:51 Man-at-Arms
17:42 Scale Mail Armor
19:52 Castle Age
19:31 Forging
21:11 Iron Casting
20:48 Bow Saw
20:49 Gambesons
20:47 Long Swordsman
22:41 Horse Collar
24:12 Gold Mining
26:57 Stone Mining
28:10 Wheelbarrow
27:21 Town Watch
Jeurus2
3:25 Double-Bit Axe
8:50 Wheelbarrow
8:03 Loom
10:23 Horse Collar
13:16 Feudal Age
14:11 Bow Saw
15:29 Heavy Plow
17:32 Wheelbarrow
17:20 Gold Mining
18:04 Scale Barding Armor
18:11 Forging
20:39 Castle Age
22:45 Two-Man Saw
24:10 Husbandry
25:02 Hand Cart
25:27 Crop Rotation
viperembobym
12:33 Feudal Age
14:20 Fishing Lines
18:38 Castle Age
17:45 Scale Barding Armor
19:07 Wheelbarrow
18:17 Loom
20:41 Medium Warships
21:12 Double-Bit Axe
23:30 Bow Saw
25:05 Fletching
25:17 Padded Archer Armor
25:39 Chain Barding Armor
26:27 Bodkin Arrow
28:55 Careening
Samba
7:41 Loom
13:32 Feudal Age
17:17 Castle Age
18:16 Double-Bit Axe
22:30 Horse Collar
27:20 Scale Mail Armor
28:32 Bow Saw
Onestepbeyond
4:20 Loom
11:41 Feudal Age
14:07 Town Watch
17:04 Horse Collar
17:26 Man-at-Arms
20:01 Wheelbarrow
21:31 Castle Age
25:43 Fletching
Connection lost

Rejoining the realm…

Still unreachable

The connection could not be restored.

Session expired

The server has moved on; the page needs a fresh start.